 Dungeon Crawl Stone Soup version 0.22-a0-433-gd2a9cce (webtiles) character file.

91 Borgoz the Ruffian (level 4, 0/37 HPs)
             Began as a Ghoul Gladiator on May 27, 2018.
             Slain by a centaur (1 damage)
             ... on level 2 of the Dungeon.
             The game lasted 00:02:36 (1257 turns).

Borgoz the Ruffian (Ghoul Gladiator)                Turns: 1257, Time: 00:02:37

Health: 0/37       AC:  4    Str: 21 (22) XL:     4   Next: 57%
Magic:  3/3        EV: 12    Int:  2 (3)  God:
Gold:   23         SH:  0    Dex:  8 (11) Spells: 3/3 levels left

rFire    . . .     SeeInvis .     - Unarmed
rCold    + . .     Gourm    .   (no shield)
rNeg     + + +     Faith    .   a - +0 leather armour
rPois    ∞         Spirit   .   b - +0 helmet
rElec    .         Reflect  .   (no cloak)
rCorr    .         Harm     .   (no gloves)
MR       +....                  (no boots)
Stlth    +.........             (no amulet)
HPRegen  0.00/turn              h - ring of protection from magic
MPRegen  0.08/turn              (no ring)

@: mighty, flying, rotting
A: rotting body, claws 1, carnivore, cold resistance 1, negative energy
resistance 3, inhibited regeneration, torment resistance, unbreathing
a: no special abilities


You were on level 2 of the Dungeon.
You were not hungry.

You visited 1 branch of the dungeon, and saw 2 of its levels.

You collected 23 gold pieces.

Inventory:

Missiles
 c - 3 throwing nets (quivered)
Armour
 a - a +0 leather armour (worn)
 b - a +0 helmet (worn)
Jewellery
 h - a ring of protection from magic (left claw)
 m - an uncursed ring of fire {unknown}
 n - a cursed -5 ring of evasion {unknown}
 r - an uncursed ring of fire {unknown}
Scrolls
 e - a scroll of fear {unknown}
 i - 4 scrolls of identify {unknown}
 k - 3 scrolls of enchant armour {unknown}
 o - a scroll of teleportation {unknown}
 p - a scroll of magic mapping {unknown}
Potions
 l - 2 potions of degeneration
Comestibles
 d - 8 rations


   Skills:
 + Level 2.8 Fighting
 - Level 1.7 Throwing
 * Level 1.8 Armour
 * Level 3.5 Dodging
 + Level 3.8 Unarmed Combat


You had 3 spell levels left.
You didn't know any spells.
Your spell library was empty.

Dungeon Overview and Level Annotations

Branches:
Dungeon (2/15)

Altars:


Innate Abilities, Weirdness & Mutations

Your body is rotting away.
You thrive on raw meat.
You are immune to poison.
You have sharp fingernails.
You are carnivorous and can eat meat at any time.
Your flesh is cold resistant. (rC+)
You are immune to negative energy. (rN+++)
You do not regenerate when monsters are visible.
You are immune to unholy pain and torment.
You can survive without breathing.


Message History

The centaur barely misses you. The hobgoblin hits you.
* * * LOW HITPOINT WARNING * * *
Okay, then.
It was a potion of berserk rage.
You cannot raise a blood rage in your lifeless body.
The centaur hits you!
* * * LOW HITPOINT WARNING * * *
The centaur misses you. The hobgoblin barely misses you.
It was a potion of degeneration.
There was something very wrong with that liquid.
You feel weakened.
You feel dopey.
You feel clumsy. The centaur barely misses you.
The hobgoblin closely misses you.
It was a potion of flight.
You feel very buoyant.
You fly up into the air.
The centaur closely misses you. The centaur misses you.
The hobgoblin barely misses you.
It was a potion of might.
You feel very mighty all of a sudden. The centaur hits you.
You die...

##...............................
...#############.####.###.#######
#### ...# #.# #.# # ...# .#.. #†#
#.# # #### #.#..###.# #.# # #
#..((..# #.#######
###(#####.........
#.g........#######
#@#..###...####### #c##.#
......... #.# !.# ..####### #.#
#.# #... #.. .r ....... ### #.#
####.## .# .. ... . ...# ### #
...#


You could see a centaur and a hobgoblin.

Vanquished Creatures
  Terence (D:2)
  An adder (D:2)
  An ooze (D:1)
  3 dart slugs
  3 leopard geckos (D:1)
  2 ball pythons (D:1)
  A giant cockroach (D:1)
  3 goblins
  8 hobgoblins
  4 jackals (D:1)
  2 bats
  A frilled lizard (D:1)
  7 kobolds
  2 rats
39 creatures vanquished.

Notes
Turn   | Place    | Note
-------+----------+-------------------------------------------
     0 | D:1      | Borgoz the Ghoul Gladiator began the quest for the Orb.
     0 | D:1      | Reached XP level 1. HP: 17/17 MP: 0/0
    95 | D:1      | Reached XP level 2. HP: 21/25 MP: 1/1
   383 | D:1      | Reached skill level 1 in Armour
   388 | D:1      | Reached XP level 3. HP: 24/29 MP: 2/2
   870 | D:2      | Noticed Terence
   887 | D:2      | Killed Terence
   887 | D:2      | Reached XP level 4. HP: 13/37 MP: 3/3
  1242 | D:2      | Noticed a centaur
  1254 | D:2      | HP: 1/37 [centaur (7)]
  1257 | D:2      | Slain by a centaur

Vault maps used:
D:1:      grunt_arrival_crossed_arrows
D:2:      minmay_door_path, uniq_terence

Skill      XL: |  1  2 |
---------------+-------+-----
Dodging        | 3 |  3.5
Armour         | 1 |  1.8
Fighting       | |  2.8
Throwing       | |  1.7
Unarmed Combat | |  3.8

Action                   |  1- 3 |  4- 6 || total
-------------------------+-------+-------++-------
Melee: Unarmed           |   102 |    36 ||   138
       Punch             |     3 |     1 ||     4
  Use: Potion            |       |     4 ||     4
  Eat: Chunk             |     4 |     6 ||    10
Armor: Leather armour    |    10 |     6 ||    16
Dodge: Dodged            |    58 |    36 ||    94

Table legend:
 A = Spawn XP
 B = Non-spawn XP
 C = Spawn XP percentage of total XP
 D = Spawn monster count
 E = Non-spawn monster count
 F = Spawn count percentage of total count
 G = Total turns spent on level
                    A         B        C        D         E        F      G
               +---------+---------+-------+---------+---------+-------+---------
         Total |       0 |     130 |   0.0 |       0 |      39 |   0.0 |  1257
               +---------+---------+-------+---------+---------+-------+---------
           D:1 |       0 |      58 |   0.0 |       0 |      28 |   0.0 |   842
           D:2 |       0 |      72 |   0.0 |       0 |      11 |   0.0 |   415
               +---------+---------+-------+---------+---------+-------+---------
